 Dungeon Crawl Stone Soup version 0.20-a0-9-g62d82d9 (webtiles) character file.

749 JeffiDaFish the Shield-Bearer (level 7, -2/44 HPs)
             Began as a Gargoyle Fighter on Nov 2, 2016.
             Was an Initiate of Makhleb.
             Killed by divine providence
             ... invoked by an orc priest
              (9 damage)
             ... on level 5 of the Dungeon.
             The game lasted 00:11:43 (4312 turns).

JeffiDaFish the Shield-Bearer (Gargoyle Fighter)    Turns: 4312, Time: 00:11:44

Health: -2/44      AC: 13    Str: 21    XL:     7   Next: 77%
Magic:  7/7        EV:  8    Int:  9    God:    Makhleb [......]
Gold:   178        SH: 10    Dex:  9    Spells: 1 memorised, 5 levels left

rFire  . . .     SeeInvis .     a - +1 rapier
rCold  . . .     Gourm    .     b - +0 scale mail
rNeg   + . .     Faith    .     c - +0 shield
rPois  ∞         Spirit   .     j - +0 helmet
rElec  +         Reflect  .     (no cloak)
rCorr  .         Harm     .     (no gloves)
MR     .....                    (no boots)
Stlth  ..........               (no amulet)
                                (no ring)
                                (no ring)

@: very slightly contaminated, hasted, very quick
A: negative energy resistance 1, electricity resistance, unbreathing,
petrification resistance, rot immunity, AC +4
a: Renounce Religion


You were on level 5 of the Dungeon.
You worshipped Makhleb.
Makhleb was noncommittal.
You were not hungry.

You visited 2 branches of the dungeon, and saw 6 of its levels.

You collected 178 gold pieces.

Inventory:

Hand Weapons
 a - a +1 rapier (weapon)
Armour
 b - a +0 scale mail (worn)
 c - a +0 shield (worn)
 j - a +0 helmet (worn)
Scrolls
 e - 2 scrolls of amnesia
 l - a scroll of remove curse
 m - a scroll of identify
Potions
 n - a potion of agility
Books
 g - a book of Changes

   Spells                             Type                      Level
   a - Beastly Appendage              Transmutation                1
   b - Sticks to Snakes               Transmutation                2
   c - Spider Form                    Transmutation/Poison         3
   d - Ice Form                       Ice/Transmutation            4
   e - Blade Hands                    Transmutation                5
 o - a book of Air

   Spells                             Type                      Level
   a - Shock                          Conjuration/Air              1
   b - Swiftness                      Charms/Air                   2
   c - Repel Missiles                 Charms/Air                   2
   d - Static Discharge               Conjuration/Air              3
   e - Lightning Bolt                 Conjuration/Air              5
Comestibles
 d - 4 chunks of flesh
 f - 4 bread rations
 i - 7 meat rations
 k - 2 slices of pizza
 p - 5 fruits


   Skills:
 + Level 4.3 Fighting
 + Level 4.9 Short Blades
 + Level 4.5 Armour
 + Level 2.1 Dodging
 + Level 1.0 Stealth
 + Level 5.6 Shields


You had 5 spell levels left.
You knew the following spells:

 Your Spells              Type           Power        Failure   Level  Hunger
a - Shock                 Conj/Air       #...         100%        1    ##.....


Dungeon Overview and Level Annotations

Branches:
Dungeon (5/15)             Temple (1/1) D:4

Altars:
Dithmenos
Kikubaaqudgha
Makhleb
Okawaru
Yredelemnul
The Shining One


Innate Abilities, Weirdness & Mutations

You are resistant to torment.
Your stone body is resilient. (AC +4)
You are immune to poison.
You resist negative energy. (rN+)
You are resistant to electric shocks. (rElec)
You can survive without breathing.
You are immune to petrification.
You are immune to rotting.


Message History

You feel better.
You block the bullfrog zombie's attack. x2
It was a potion of haste.
You feel yourself speed up. You block the bullfrog zombie's attack.
The orc wizard gestures wildly while chanting.
The orc wizard blinks!
The bullfrog zombie closely misses you.
The orc priest miscasts a cantrip.
You are very lightly contaminated with residual magic.
You are too injured to fight recklessly!
You are too injured to fight recklessly!
You are too injured to fight recklessly!
You are too injured to fight recklessly!
You barely miss the bullfrog zombie.
The bullfrog zombie is severely damaged.
You feel yourself speed up.
The bullfrog zombie hits you but does no damage.
The orc wizard casts a spell.
The orc wizard seems to speed up.
The orc priest mumbles some strange prayers to Beogh against you.
Beogh smites you!
You die...

####>######
#.........#
#.<.......#
#.........#
####..#####
#.## ##.# #..#
#@##
####Z######
#..o{o....##
#.#........#
#......$....
.......§.......
..###.....%....
. !...o......
##..........


You could see an orc priest, an orc wizard, an orc and a bullfrog zombie.

Vanquished Creatures
  Sigmund (D:4)
  Edmund (D:4)
  Crazy Yiuf (D:2)
  A hound (D:4)
  An orc priest (D:3)
  A bullfrog skeleton (D:3)
  3 orc wizards
  An iguana (D:4)
  Natasha (thrice) (D:2)
  Robin (D:3)
  5 adders
  A shadow imp (D:3)
  An adder skeleton (D:4)
  5 worms
  2 dart slugs
  5 leopard geckos
  10 orcs
  9 bats
  8 giant cockroaches
  12 hobgoblins
  4 jackals (D:2)
  3 quokkas
  4 frilled lizards
  11 goblins
  7 kobolds
  8 rats
109 creatures vanquished.

Vanquished Creatures (others)
  An orc wizard (D:3)
1 creature vanquished.

Grand Total: 110 creatures vanquished

Notes
Turn   | Place    | Note
-------+----------+-------------------------------------------
     0 | D:1      | JeffiDaFish the Gargoyle Fighter began the quest for the Orb.
     0 | D:1      | Reached XP level 1. HP: 14/14 MP: 1/1
   114 | D:1      | Reached XP level 2. HP: 19/19 MP: 2/2
   890 | D:2      | Reached XP level 3. HP: 24/24 MP: 3/3
  1052 | D:2      | Noticed Natasha
  1065 | D:2      | HP: 1/24 [iron imp[Natasha] (1)]
  1066 | D:2      | Killed Natasha
  1066 | D:2      | Reached XP level 4. HP: 1/29 MP: 4/4
  1090 | D:2      | Noticed Natasha
  1104 | D:2      | Killed Natasha
  1220 | D:2      | Noticed Natasha
  1227 | D:2      | Killed Natasha
  1227 | D:2      | Reached skill level 4 in Shields
  1354 | D:2      | Reached XP level 5. HP: 32/33 MP: 5/5
  1363 | D:2      | Found a runed door.
  1367 | D:2      | Noticed Crazy Yiuf
  1376 | D:2      | Killed Crazy Yiuf
  1475 | D:2      | Reached skill level 1 in Dodging
  1992 | D:3      | Reached XP level 6. HP: 36/38 MP: 6/6
  2562 | D:3      | Found a shadowy altar of Dithmenos.
  2811 | D:3      | Noticed Robin
  2842 | D:3      | Killed Robin
  3155 | D:4      | Reached skill level 5 in Shields
  3332 | D:4      | Reached XP level 7. HP: 43/43 MP: 7/7
  3642 | D:4      | Noticed Edmund
  3660 | D:4      | Killed Edmund
  3660 | D:4      | Reached skill level 1 in Stealth
  3786 | D:4      | Learned a level 1 spell: Shock
  3802 | D:4      | Noticed Sigmund
  3808 | D:4      | Killed Sigmund
  3847 | D:4      | Found a staircase to the Ecumenical Temple.
  3857 | Temple   | Entered the Ecumenical Temple
  3879 | Temple   | Became a worshipper of Makhleb the Destroyer
  4281 | D:5      | Entered Level 5 of the Dungeon
  4309 | D:5      | HP: 1/44 [orc priest/divine providence (13)]
  4312 | D:5      | Killed from afar by an orc priest

Vault maps used:
D:1:      dpeg_arrival_prison, supply_closet_lemuel
D:2:      uniq_crazy_yiuf_cottage, uniq_natasha
D:3:      nicolae_dithmenos_through_a_glass_darkly, uniq_robin
D:4:      first_bread, sigmund_edmund_badplayer
D:5:      grunt_temple_overflow_diamond, grunt_ministairs_8
Temple:   compressed_dpeg_circular_temple

Skill      XL: |  1  2  3  4  5  6  7 |
---------------+----------------------+-----
Short Blades   | 2 3 4 |  4.9
Shields        | 4 5 |  5.6
Dodging        | 1 2 |  2.1
Armour         | 4 |  4.5
Fighting       | 4 |  4.3
Stealth        | 1 |  1.0

Action                   |  1- 3 |  4- 6 |  7- 9 || total
-------------------------+-------+-------+-------++-------
Melee: Rapier            |    94 |   377 |    91 ||   562
  Use: Scroll            |     6 |     5 |       ||    11
       Potion            |     2 |     4 |     4 ||    10
  Eat: Chunk             |       |     9 |     3 ||    12
Armor: Scale mail        |    45 |   191 |    46 ||   282
Dodge: Dodged            |    41 |   125 |    16 ||   182
Block: Shield            |    38 |   219 |    34 ||   291
